 Dungeon Crawl Stone Soup version 0.22.0-25-g7663229 (webtiles) character file.

39 Amnesiac the Gusty (level 3, -1/24 HPs)
             Began as a Mummy Air Elementalist on Aug 20, 2018.
             Slain by a goblin
             ... wielding a +0 club
             ... led by Robin
              (5 damage)
             ... on level 3 of the Dungeon.
             The game lasted 00:02:01 (1004 turns).

Amnesiac the Gusty (Mummy Air Elementalist)         Turns: 1004, Time: 00:02:01

Health: -1/24      AC:  2    Str: 11    XL:     3   Next: 26%
Magic:  7/7        EV: 12    Int: 15    God:
Gold:   82         SH:  0    Dex: 12    Spells: 5/8 levels left

rFire    x . .     SeeInvis .   (no weapon)
rCold    + . .     Gourm    .   (no shield)
rNeg     + + +     Faith    .   a - +0 robe
rPois    ∞         Spirit   .   (no helmet)
rElec    .         Reflect  .   (no cloak)
rCorr    .         Harm     .   (no gloves)
MR       .....                  (no boots)
Stlth    ++........             (no amulet)
HPRegen  0.08/turn              (no ring)
MPRegen  0.10/turn              (no ring)

@: no status effects
A: no food or potions, fire vulnerability, cold resistance 1, negative energy
resistance 3, torment resistance, unbreathing
a: no special abilities


You were on level 3 of the Dungeon.
You were not hungry.

You visited 1 branch of the dungeon, and saw 3 of its levels.

You collected 82 gold pieces.

Inventory:

Armour
 a - a +0 robe (worn)
Jewellery
 c - an uncursed ring of see invisible {unknown}
Scrolls
 b - a scroll of identify {!r, unknown}


   Skills:
 - Level 1.5 Dodging
 - Level 1.5 Stealth
 + Level 3.3 Spellcasting
 - Level 0.7 Conjurations
 * Level 3.3 Air Magic


You had 5 spell levels left.
You knew the following spells:

 Your Spells              Type           Power        Failure   Level  Hunger
a - Shock                 Conj/Air       #...         9%          1    N/A
z - Swiftness             Chrm/Air       #.......     14%         2    N/A

Your spell library contained the following spells:

 Spells                   Type           Power        Failure   Level  Hunger
 Static Discharge         Conj/Air       #.......     26%         3    N/A
 Airstrike                Air            ##........   43%         4    N/A
 Lightning Bolt           Conj/Air       #.........   93%         5    N/A

Dungeon Overview and Level Annotations

Branches:
Dungeon (3/15)

Altars:

Annotations:
D:3 Robin


Innate Abilities, Weirdness & Mutations

You do not eat or drink.
Your flesh is vulnerable to fire.
You are immune to poison.
Your flesh is cold resistant. (rC+)
You are immune to negative energy. (rN+++)
You are immune to unholy pain and torment.
You can survive without breathing.


Message History

Aiming: Shock (safe; 10% risk of failure)
Press: ? - help, Shift-Dir - straight line, f/p - worker ant
Aim: a worker ant (heavily wounded)
The zap hits the worker ant.
The worker ant is severely wounded.
The zap hits the worker ant.
The worker ant is almost dead.
The worker ant bites you.
Casting: Shock (safe; 10% risk of failure)
Confirm with . or Enter, or press ? or * to list all spells.
Aiming: Shock (safe; 10% risk of failure)
Press: ? - help, Shift-Dir - straight line, f/p - worker ant
Aim: a worker ant (almost dead)
The zap hits the worker ant.
You kill the worker ant!
Your Spellcasting skill increases to level 3!
You have reached level 3!
Your experience leads to an increase in your attributes!
Increase (S)trength, (I)ntelligence, or (D)exterity?
You feel clever.
You start resting.
Magic restored.
You start resting.
Magic restored.
You start resting.
HP restored. 2 goblins come into view.
The goblin shouts!
There are monsters nearby!
A goblin and a hobgoblin come into view.
The goblin shouts!
The hobgoblin shouts!
You hear a shout! x4
Robin of the Strong Arm comes into view.
She is wielding a dagger.
Robin roars a battlecry!
Robin throws the goblin at you!
A goblin comes into view.
The goblin barely misses you.
The goblin unwields an uncursed club.
The goblin wields a hunting sling.
The goblin shoots a stone.
The stone barely misses you. The goblin hits you with a club.
A goblin comes into view. It is wielding a club.
The goblin shouts!
The hobgoblin hits you.
* * * LOW HITPOINT WARNING * * *
The goblin hits you with a club.
* * * LOW HITPOINT WARNING * * *
3 goblins and a hobgoblin come into view.
The goblin shouts!
The hobgoblin shouts!
The goblin shouts!
The goblin moves out of view.
You hear a shout!
A goblin comes into view.
The goblin shouts!
The hobgoblin hits you but does no damage.
Robin says, "My goblins will feast on your bones."
A hobgoblin comes into view.
The hobgoblin no longer looks unusually strong.
Robin roars a battlecry!
The hobgoblin goes into a battle-frenzy!
The goblin shouts!
The goblin no longer looks unusually strong.
The hobgoblin no longer looks unusually strong.
The goblin no longer looks unusually strong.
There is a stone staircase leading up here.
The goblin hits you with a club.
You die...

..............#
..............#
........##....#
.........##...# .
.........##...## ..
...............##...
..#.................
........g..g........
.g.....g.g.g@.......
......gg..ggg.....##
........g...g.....#
.....##...........#
####. #..g..........
#. #...........##
#.##........####
#.......(.....
###############


You could see Robin, 3 hobgoblins and 9 goblins.

Vanquished Creatures
  A worker ant (D:3)
  A leopard gecko (D:2)
  3 bats
  A goblin (D:2)
  3 hobgoblins
  A quokka (D:2)
  A ball python (D:2)
  2 frilled lizards
  A kobold (D:2)
  A rat (D:2)
15 creatures vanquished.

Notes
Turn   | Place    | Note
-------+----------+-------------------------------------------
     0 | D:1      | Amnesiac the Mummy Air Elementalist began the quest for the Orb.
     0 | D:1      | Reached XP level 1. HP: 13/13 MP: 4/4
   437 | D:2      | Reached XP level 2. HP: 19/19 MP: 3/5
   444 | D:2      | Learned a level 2 spell: Swiftness
   914 | D:3      | Reached XP level 3. HP: 14/24 MP: 0/7
   988 | D:3      | Noticed Robin
  1004 | D:3      | Slain by a goblin

Skill      XL: |  1  2 |
---------------+-------+-----
Air Magic      | 3 |  3.3
Spellcasting   | 3 |  3.3
Dodging        | |  1.5
Stealth        | |  1.5
Conjurations   | |  0.7

Action                   || total
-------------------------++-------
Melee: Unarmed           ||    20
 Cast: Shock             ||    31
Armor: Robe              ||     9
Dodge: Dodged            ||    24
